 Dungeon Crawl Stone Soup version 0.31.0-1-g2c135a008e (webtiles) character file.

Game seed: 13354619203672350342

635 qw the Shooter (level 7, -1/52 HPs)
             Began as a Djinni Hunter on Jan 24, 2024.
             Was an Initiate of Okawaru.
             Splashed by a jelly's acid (8 damage)
             ... on level 5 of the Dungeon.
             The game lasted 00:00:18 (3483 turns).

qw the Shooter (Djinni Hunter)                      Turns: 3483, Time: 00:00:19

Health: -1/52      AC:  4    Str: 10    XL:     7   Next: 79%
Gold:   201        EV: 15    Int: 11    God:    Okawaru [......] SH:  0 Dex: 21

rFire   + + .        b - +1 sling of Painful Death {speed, rN+ Stlth+}
rCold   x . .        (no shield)
rNeg    + . .        g - +0 ring mail
rPois   inf          f - +1 hat of Abstinence {^Contam rPois Dex+3 Slay+5}
rElec   .            (no cloak)
rCorr   .            n - +0 pair of gloves
SInv    .            (boots unavailable)
Will    .....        m - amulet of regeneration
Stlth   ++++         (no ring)
HPRegen 1.08/turn    (no ring)
MPRegen 0.00/turn

%: infuse magic (-2 HP)
@: about to teleport, heroic, corroded, flying
A: sickness immunity, fire resistance 2, cold vulnerability 1, float, innate
caster, HP casting, extra vitality 1
a: Renounce Religion


You were on level 5 of the Dungeon.
You worshipped Okawaru.
Okawaru was noncommittal.
You visited 1 branch of the dungeon, and saw 6 of its levels.
You also visited: Sewer.

You collected 201 gold pieces.


Innate Abilities, Weirdness & Mutations

You are immune to sickness and miasma.
You are immune to poison.
Your flesh is very heat resistant. (rF++)
You are vulnerable to cold. (rC-)
You float through the air rather than walking.
You learn spells naturally, not from books.
Your magical power is your life essence.
You have superior vitality. (+4 MHP)


   Skills:
 - Level 4.1(9.1) Fighting
 - Level 6.1(11.1) Ranged Weapons
 - Level 1.1(6.1) Armour
 + Level 3.8(8.8) Dodging
 - Level 0.7(5.7) Stealth


You knew the following spells:

 Your Spells              Type           Power      Damage    Failure   Level
a - Shock                 Conj/Air       0%         1d3       63%         1
b - Scorch                Fire           0%         2d5       77%         2
c - Volatile Blastmotes   Fire/Tloc      0%         2d10      94%         3
Your spell library was empty.

Inventory:

Hand Weapons
 b - the +1 sling of Painful Death (weapon) {speed, rN+ Stlth+}
   (You found it on level 2 of the Dungeon)

   rN+:       It protects you from negative energy.
   Stlth+:    It makes you more stealthy.
Armour
 f - the +1 hat of Abstinence (worn) {^Contam rPois Dex+3 Slay+5}
   (You acquired it on level 3 of the Dungeon)

   Dex+3:     It affects your dexterity (+3).
   Slay+5:    It affects your accuracy & damage with ranged weapons and melee
   (+5).
   rPois:     It protects you from poison ^Contam: It causes magical
   contamination when unequipped.
 g - a +0 ring mail (worn)
 n - a +0 pair of gloves (worn)
Jewellery
 m - an amulet of regeneration (around neck)
Wands
 h - a wand of acid (2)
Scrolls
 a - a scroll of teleportation
 e - a scroll of enchant weapon
Potions
 c - 3 potions of enlightenment
 d - 3 potions of curing
 i - a potion of haste
 j - a potion of heal wounds
 k - a potion of magic {unknown}

Dungeon Overview and Level Annotations

Branches:
Dungeon (6/15)             Temple (0/1) D:5           Sewer (visited)

Altars:
Elyvilon
Okawaru
Uskayaw

Shops:
D:2 (   D:3 =

Annotations:
D:5 2 runed translucent doors
D:6 Blork the orc


Message History

There is an open door here.
Could not explore, unopened runed door.
What level of the Dungeon? (default 6, ? - help)
There is an open door here.
You see here a scroll of noise.
Things that are here:
a +0 halberd; a gnoll corpse; an iguana corpse
There is a stone staircase leading down here.
You fly downwards.
Level annotation: Blork the orc The water moccasin bites you but does no damage.
The jelly hits you but does no damage. The ogre barely misses you.
The water moccasin bites you. The orc barely misses you.
Blork the orc screams, "I'll crush all your ribs!
One by one!"
There is a stone staircase leading up here.
3480 ||| STAIRDANCE The water moccasin completely misses you.
The orc hits you but does no damage. The jelly hits you but does no damage.
Blork the orc casts a spell at you.
The magic dart hits you but does no damage.
The ogre hits you with a +0 giant spiked club!!
Ouch! That really hurt!
You fly upwards.
Level annotation: 2 runed translucent doors
There is a stone staircase leading down here.
Enter note:
Enter note:
Enter note:
3482 ||| INVOKING Heroism.
You gain the combat prowess of a mighty hero.
You can no longer gain great but temporary skills.
The water moccasin bites you. The orc closely misses you.
The jelly jiggles.
The jelly hits you.
You are splashed with acid!
The water moccasin bites you.
3483 ||| READING 2 scrolls of teleportation.
As you read the scroll of teleportation, it crumbles to dust.
You feel strangely unstable. The water moccasin bites you.
The orc hits you but does no damage. The jelly hits you. The acid corrodes you!
You are splashed with acid!
You die...

##.........#
#####.### #.#
####..####.# #?# #.#
......# #.#
#######.#####.#
......#
#.####...).........#
#####.#
#........)##########
#.#######...)...#
#...............#
#########..JOo..#
##.)@..## ##S..##
#####


You could see a water moccasin, an ogre, a jelly and an orc.

Vanquished Creatures
  An ogre (D:4)
  A kobold brigand (Sewer)
  A scorpion (D:5)
  A bombardier beetle (D:5)
  2 orc priests
  2 iguanas (D:5)
  A sleepcap (D:3)
  9 adders
  3 gnolls (D:5)
  3 river rats (Sewer)
  2 ufetubi (D:5)
  A dart slug (D:4)
  A ribbon worm (D:3)
  3 orcs
  4 bats
  10 endoplasms
  6 giant cockroaches
  5 hobgoblins
  4 jackals
  8 kobolds
  4 quokkas
  6 ball pythons
  2 frilled lizards
  6 goblins
  10 rats
96 creatures vanquished.

Notes
Turn   | Place    | Note
-------+----------+-------------------------------------------
     0 | D:1      | qw the Djinni Hunter began the quest for the Orb.
     0 | D:1      | Reached XP level 1. HP: 18/18 MP: 0/0
     0 | D:1      | 0 ||| qw: Version: 0.3-a-136-gdd3b4e8
     0 | D:1      | 0 ||| qw: Game counter: 1391
     0 | D:1      | 0 ||| qw: Melee chars always use a shield: true
     0 | D:1      | 0 ||| qw: God list: Okawaru
     0 | D:1      | 0 ||| qw: Allow faded altars: false
     0 | D:1      | 0 ||| qw: Do Orc after clearing Dungeon:15 true
     0 | D:1      | 0 ||| qw: Do second Lair branch before Depths: true
     0 | D:1      | 0 ||| qw: Lair rune preference: random
     0 | D:1      | 0 ||| qw: Goals: Normal
     0 | D:1      | 0 ||| PLANNING D:1-11
   421 | D:1      | Reached XP level 2. HP: 23/23 MP: 0/0
   663 | D:1      | 663 ||| UPGRADING to +0 ring mail.
   673 | D:1      | 673 ||| DROPPING +0 leather armour.
   674 | D:1      | 674 ||| READING scroll labelled MIZUQ YMUF.
   674 | D:1      | 674 ||| IDENTIFYING viscous blue potion
   675 | D:1      | 675 ||| READING scroll labelled QADESE LOGEOTO.
   676 | D:1      | 676 ||| DROPPING scroll of butterflies.
   677 | D:1      | 677 ||| DROPPING potion of lignification.
   697 | D:2      | 697 ||| STAIRDANCE
   737 | D:2      | 737 ||| STAIRDANCE
   833 | D:2      | Found Qamy's Weapon Shop.
   839 | D:2      | 839 ||| SHOPLISTING +0 arbalest (63 gold, have 37).
   849 | D:2      | Identified the +1 sling of Painful Death {speed, rN+
                  | Stlth+}
   851 | D:2      | 851 ||| SWAPPING to +1 sling of Painful Death {speed, rN+
                  | Stlth+}.
   852 | D:2      | 852 ||| DROPPING +0 shortbow.
   915 | D:2      | Reached skill level 4 in Ranged Weapons
   915 | D:2      | Reached XP level 3. HP: 28/28 MP: 0/0
   915 | D:2      | Learned a level 1 spell: Shock
   944 | D:2      | Reached skill level 1 in Armour
   989 | D:2      | 989 ||| RETREEEEATING.
   990 | D:2      | 990 ||| RETREEEEATING.
   992 | D:2      | 992 ||| RETREEEEATING.
   993 | D:2      | 993 ||| RETREEEEATING.
  1010 | D:2      | Reached XP level 4. HP: 26/34 MP: 0/0
  1011 | D:2      | Reached skill level 3 in Fighting
  1424 | D:2      | 1424 ||| READING scroll of identify.
  1424 | D:2      | 1424 ||| IDENTIFYING smoky grey potion
  1425 | D:2      | 1425 ||| READING 2 scrolls labelled QYJAER OCZARR.
  1428 | D:2      | 1428 ||| DRINKING 3 inky potions.
  1566 | D:3      | Found Hapnogya's Jewellery Shop.
  1575 | D:3      | 1575 ||| SHOPLISTING amulet of faith (560 gold, have 90).
  1575 | D:3      | 1575 ||| SHOPLISTING amulet of regeneration (420 gold, have
                  | 90).
  1643 | D:3      | Found a hide-covered altar of Uskayaw.
  1655 | D:3      | Found a white marble altar of Elyvilon.
  1719 | D:3      | Reached XP level 5. HP: 40/40 MP: 0/0
  1719 | D:3      | Learned a level 2 spell: Scorch
  1923 | D:3      | Identified the +3 hand axe "Taoluoh" {flame, rPois}
  1975 | D:3      | 1975 ||| UPGRADING to +0 pair of gloves.
  1980 | D:3      | 1980 ||| UPGRADING to amulet of regeneration.
  1985 | D:3      | 1985 ||| READING 2 scrolls labelled VYROEM VANAKO.
  1986 | D:3      | 1986 ||| READING scroll labelled ITAOMMOGHIA.
  1986 | D:3      | Identified a scroll of acquirement
  1986 | D:3      | 1986 ||| ACQUIRING +1 hat of Abstinence {^Contam rPois
                  | Dex+3 Slay+5}
  1986 | D:3      | Acquired the +1 hat of Abstinence {^Contam rPois Dex+3
                  | Slay+5}
  1988 | D:3      | 1988 ||| UPGRADING to +1 hat of Abstinence {^Contam rPois
                  | Dex+3 Slay+5}.
  1993 | D:3      | 1993 ||| READING scroll labelled RAMMUY VOIZEWK.
  1994 | D:3      | 1994 ||| READING scroll labelled YTI VESKUA.
  2010 | D:3      | 2010 ||| READING scroll labelled ACRITI BILAUWKO.
  2011 | D:3      | 2011 ||| READING scroll labelled INIEMO DO BULL.
  2027 | D:4      | 2027 ||| STAIRDANCE
  2031 | D:4      | 2031 ||| STAIRDANCE
  2045 | D:3      | Reached skill level 3 in Dodging
  2169 | D:4      | Noticed an ogre
  2172 | D:4      | 2172 ||| ZAPPING wand of acid (5) at -1,5 (ogre; floor).
  2173 | D:4      | 2173 ||| ZAPPING wand of acid (4) at -1,4 (ogre; floor).
  2174 | D:4      | 2174 ||| ZAPPING wand of acid (3) at -1,3 (ogre; floor).
  2174 | D:4      | Killed an ogre
  2175 | D:4      | Reached skill level 5 in Ranged Weapons
  2175 | D:4      | Reached XP level 6. HP: 46/46 MP: 0/0
  2242 | D:4      | Found an iron altar of Okawaru.
  2244 | D:4      | 2244 ||| PLANNING OKAWARU WORSHIP
  2244 | D:4      | 2244 ||| READING scroll labelled DUEGEA ENLEZXU.
  2245 | D:4      | 2245 ||| DRINKING 2 brown potions.
  2246 | D:4      | 2246 ||| DRINKING 2 potions of curing.
  2246 | D:4      | 2246 ||| (to cure confusion)
  2247 | D:4      | 2247 ||| DROPPING potion of ambrosia.
  2254 | D:4      | Became a worshipper of Warmaster Okawaru
  2255 | D:4      | 2255 ||| PLANNING D:1-11
  2321 | D:4      | 2321 ||| FLEEEEING.
  2664 | D:5      | Entered Level 5 of the Dungeon
  2665 | D:5      | 2665 ||| PLANNING SEWER
  2699 | D:5      | Found a runed translucent door.
  2701 | D:5      | Found a runed translucent door.
  2716 | D:5      | Found a staircase to the Ecumenical Temple.
  2730 | D:5      | Reached XP level 7. HP: 52/52 MP: 0/0
  2730 | D:5      | Learned a level 3 spell: Volatile Blastmotes
  3169 | D:5      | Found a glowing drain.
  3172 | D:5      | 3172 ||| READING scroll of identify.
  3172 | D:5      | 3172 ||| IDENTIFYING purple potion
  3187 | Sewer    | Entered a sewer
  3265 | Sewer    | Reached skill level 6 in Ranged Weapons
  3280 | Sewer    | Found a white marble altar of Elyvilon.
  3318 | D:5      | 3318 ||| PLANNING D:1-11
  3423 | D:6      | Noticed Blork the orc
  3424 | D:6      | 3424 ||| STAIRDANCE
  3424 | D:6      | Noticed a water moccasin
  3427 | D:5      | Reached * piety under Okawaru
  3480 | D:6      | 3480 ||| STAIRDANCE
  3482 | D:5      | 3482 ||| INVOKING Heroism.
  3482 | D:5      | HP: 11/52 [acid (8)]
  3483 | D:5      | 3483 ||| READING 2 scrolls of teleportation.
  3483 | D:5      | Splashed by a jelly's acid

Levels and vault maps discovered:
D:1:      minmay_arrival_plants_in_alcoves, layout_basic
D:2:      layout_loops_cross, serial_shops, nicolae_shop_bloodbath_and_beyond,
          hex_large
D:3:      layout_basic, jmf_multi_god_temple2, serial_shops, shop,
          dk_noncrumbling_4
D:4:      layout_basic, okawaru_ov_weapons_minmay
D:5:      lemuel_insect_pit, layout_loops_ring,
          minmay_temple_entry_drinking_statues, portal_sewer_entry_f
D:6:      layout_basic, uniq_blork_the_orc, uniq_eustachio, uniq_edmund,
          uniq_menkaure

Skill      XL: |  1  2  3  4  5  6  7 |
---------------+----------------------+-----
Ranged Weapons | 4 5 6 |  6.1
Armour         | 1 |  1.1
Fighting       | 3 4 |  4.1
Dodging        | 3 |  3.8
Stealth        | |  0.7

Action                     |  1- 3 |  4- 6 |  7- 9 || total
---------------------------+-------+-------+-------++-------
   Fire: Shortbow          |    50 |       |       ||    50
         Sling             |    44 |   143 |    72 ||   259
 Invoke: Heroism           |       |       |     1 ||     1
  Evoke: Wand              |       |     3 |       ||     3
    Use: Scroll            |     2 |     9 |     2 ||    13
         Potion            |       |     3 |       ||     3
 Armour: Leather armour    |    15 |       |       ||    15
         Ring mail         |    50 |    24 |    28 ||   102
  Dodge: Dodged            |    35 |    27 |    19 ||    81

Table legend:
 A = Non-vault XP
 B = Vault XP
 C = Vault XP percentage of total XP
 D = Non-vault monster count
 E = Vault monster count
 F = Vault count percentage of total count
                 A         B        C        D         E       F
            +---------+---------+-------+---------+---------+-------
      Total |     742 |     166 |  18.3 |      80 |      16 |  16.7
            +---------+---------+-------+---------+---------+-------
        D:1 |      26 |       0 |   0.0 |      15 |       0 |   0.0
        D:2 |      84 |       0 |   0.0 |      16 |       0 |   0.0
        D:3 |     108 |       4 |   3.6 |      21 |       2 |   8.7
        D:4 |     191 |       0 |   0.0 |      16 |       0 |   0.0
        D:5 |     333 |      10 |   2.9 |      12 |       5 |  29.4
      Sewer |       0 |     152 | 100.0 |       0 |       9 | 100.0
            +---------+---------+-------+---------+---------+-------
